 Dungeon Crawl Stone Soup version 0.17.1-2-g5865329 (webtiles) character file.

375 ChunderTock the Slicer (level 7, -2/40 HPs)
             Began as a Kobold Assassin on Feb 7, 2016.
             Slain by ChunderTock's ghost (6 damage)
             ... on level 5 of the Dungeon.
             The game lasted 00:20:19 (4078 turns).

ChunderTock the Slicer (Kobold Assassin)            Turns: 4078, Time: 00:20:19

Health: -2/40      AC:  4    Str:  9    XL:     7   Next: 3%
Magic:  0/7        EV: 14    Int:  9    God:
Gold:   187        SH:  0    Dex: 20    Spells: 0 memorised, 6 levels left

rFire  . . .     SeeInvis .     w - +0 dagger (venom)
rCold  . . .     Clarity  .     c - +0 robe
rNeg   . . .     SustAt   +     (shield restricted)
rPois  .         Gourm    .     (no helmet)
rElec  .         Spirit   .     d - +0 cloak
rCorr  .         Warding  .     t - +0 pair of gloves
rMut   .         Stasis   .     (no boots)
MR     .....                    (no amulet)
Stlth  ++++......               (no ring)
                                k - ring of sustain attributes

@: not resistant to hostile enchantments, stealthy
A: carnivore 3
a: no special abilities


You were on level 5 of the Dungeon.
You were completely stuffed.

You visited 1 branch of the dungeon, and saw 5 of its levels.

You collected 187 gold pieces.

Inventory:

Hand Weapons
 a - a +2 dagger
 b - a +0 blowgun
 w - a +0 dagger of venom (weapon)
 y - a +3 hunting sling of flaming
Missiles
 e - 4 poisoned needles
 f - a curare-tipped needle
Armour
 c - a +0 robe (worn)
 d - a +0 cloak (worn)
 j - a +0 chain mail
 t - a +0 pair of gloves (worn)
Jewellery
 k - a ring of sustain attributes (left hand)
Scrolls
 m - a scroll of recharging
 q - a scroll of identify {unknown}
 s - a scroll of remove curse
 x - 2 scrolls of teleportation {unknown}
Potions
 l - a potion of might {unknown}
 o - a potion of agility {unknown}
 p - a potion of ambrosia {unknown}
 v - a potion of curing {unknown}
Comestibles
 g - 3 meat rations
 h - 2 bread rations
 i - 2 chunks of flesh
 n - 5 fruits
 r - a beef jerky


   Skills:
 - Level 2.1 Fighting
 * Level 9.1 Short Blades
 - Level 2.1 Throwing
 - Level 1.2 Dodging
 - Level 5.3 Stealth


You had 6 spell levels left.
You didn't know any spells.

Dungeon Overview and Level Annotations

Branches:
Dungeon (5/15)             Temple (0/1) D:5

Altars:
Elyvilon
Nemelex Xobeh
Ru

Annotations:
D:5 ChunderTock's ghost, novice KoAs


Innate Abilities, Weirdness & Mutations

You are small and have problems with some larger weapons.
You are carnivorous and can eat meat at any time.


Message History

ChunderTock's ghost is lightly damaged.
You hit ChunderTock's ghost but do no damage.
ChunderTock's ghost is lightly damaged.
You feel sick.
ChunderTock's ghost completely misses you.
You barely miss ChunderTock's ghost.
ChunderTock's ghost is lightly damaged.
ChunderTock's ghost hits you.
* * * LOW HITPOINT WARNING * * *
You feel your power leaking away.
ChunderTock's ghost hits you but does no damage.
Found 13 stones.
You feel sick.
You are no longer poisoned.
ChunderTock's ghost hits you.
* * * LOW HITPOINT WARNING * * *
You feel your power leaking away.
ChunderTock's ghost whispers, "You will understand me better in a moment."
ChunderTock's ghost hits you.
You die...

##.......###..# ###..#
##..## ##...#### ##.#
##....# #..# #..##
#.###.....# #.##
#...#######.#...##..#
#.#
#..#...........####..#
#.# ...##.##....##.##
##..# #.# ##. #. #.##
#.# #. ##W## (. #.#@#
#.# #.#### ## ##


You could see ChunderTock's ghost.

Vanquished Creatures
  A crimson imp (D:4)
  A hound (D:4)
  A gnoll shaman (D:4)
  2 worker ants
  8 gnolls
  6 adders
  An adder zombie (D:5)
  3 worms
  13 orcs (D:3)
  2 ball pythons (D:3)
  7 giant cockroaches
  6 goblins
  6 hobgoblins
  3 jackals (D:2)
  7 kobolds
  A quokka (D:3)
  9 bats
  3 giant geckos
  4 giant newts
  3 rats
87 creatures vanquished.

Notes
Turn   | Place    | Note
--------------------------------------------------------------
     0 | D:1      | ChunderTock the Kobold Assassin began the quest for the Orb.
     0 | D:1      | Reached XP level 1. HP: 12/12 MP: 1/1
   157 | D:1      | Reached XP level 2. HP: 17/17 MP: 2/2
  1012 | D:2      | Reached XP level 3. HP: 21/21 MP: 3/3
  1439 | D:2      | Reached skill level 5 in Short Blades
  1559 | D:2      | Reached XP level 4. HP: 26/26 MP: 4/4
  1691 | D:2      | Found a white marble altar of Elyvilon.
  1691 | D:2      | Found a sacrificial altar of Ru.
  2112 | D:3      | Reached skill level 6 in Short Blades
  2358 | D:3      | Reached XP level 5. HP: 20/30 MP: 5/5
  2472 | D:3      | Reached skill level 7 in Short Blades
  3196 | D:3      | Reached XP level 6. HP: 35/35 MP: 6/6
  3267 | D:4      | Reached skill level 8 in Short Blades
  3690 | D:5      | Entered Level 5 of the Dungeon
  3690 | D:5      | Found a staircase to the Ecumenical Temple.
  3690 | D:5      | Found a sparkling altar of Nemelex Xobeh.
  3696 | D:5      | Noticed ChunderTock's ghost (novice KoAs)
  3854 | D:4      | Reached skill level 9 in Short Blades
  4031 | D:5      | Reached XP level 7. HP: 29/40 MP: 7/7
  4078 | D:5      | Slain by ChunderTock's ghost

Action                   |  1- 3 |  4- 6 |  7- 9 || total
-------------------------+-------+-------+-------++-------
Melee: Dagger            |    69 |   231 |    25 ||   325
 Fire: Blowgun           |       |    21 |       ||    21
  Use: Scroll            |       |     3 |       ||     3
 Stab: Sleeping          |    14 |    10 |       ||    24
  Eat: Chunk             |    10 |     8 |       ||    18
